Map: Blackpink LE

Players

JagrsMullets

  • Race: Terran Terran
  • Spawn Location: 7:00

A.I. 1 (Medium) - Winner!

  • Race: Zerg Zerg
  • Spawn Location: 1:00

VOD

Have the link to the VOD?

Description

Time

  • Played on: Nov. 26, 2017, 10:50 p.m.
  • Length: 24:21
Show
View Real Time Build Order
Export as new Build Order

JagrsMullets Terran 

Build Orders:  

Get SALT Encoding   

  12  0:05  SCV  
  13  0:22  SCV  
  14  0:37  Supply Depot  
  14  0:43  Supply Depot  
  14  0:47  SCV  
  15  0:59  SCV  
  15  1:00  Refinery  
  15  1:03  Barracks  
  16  1:11  SCV  
  16  1:16  Barracks  
  17  1:23  SCV  
  18  1:30  Refinery  
  18  1:35  SCV  
  19  1:51  SCV  
  20  2:00  Marine  
  21  2:03  SCV  
  21  2:04  Marine  
  23  2:15  SCV  
  24  2:17  Marine  
  24  2:22  Marine  
  26  2:23  Supply Depot  
  26  2:27  Supply Depot  
  26  2:33  Orbital Command  
  26  2:35  Marine  
  27  2:40  Marine  
  28  2:53  Marine  
  28  2:57  Marine  
  30  3:03  Factory  
  30  3:11  Marine  
  31  3:15  Marine  
  32  3:36  Engineering Bay  
  32  3:45  Barracks Reactor  
  32  3:46  Marine  
  33  3:52  Factory Tech Lab  
  33  4:00  Armory  
  33  4:04  Marine  
  34  4:22  Marine  
  34  4:23  Siege Tank  
  38  4:26  Sensor Tower  
  38  4:40  Marine, SCV  
  40  4:52  Marine x2, SCV  
  43  4:56  Siege Tank  
  43  4:57  Marine  
  47  5:10  Marine x2  
  49  5:15  Marine  
  49  5:17  Terran Vehicle And Ship Armor Level 1  
  50  5:23  Terran Infantry Weapons Level 1  
  50  5:28  Siege Tank  
  53  5:33  Factory  
  53  5:56  Reaper x2  
  55  6:03  Reaper  
  56  6:28  Reaper x2  
  56  6:31  Command Center  
  48  7:03  Factory Tech Lab  
  48  7:06  Siege Tank  
  42  7:30  Marine  
  42  7:31  Marine x2  
  44  7:38  Siege Tank  
  47  7:48  Marine x2  
  47  7:49  Marine  
  50  8:06  Marine x3  
  53  8:24  Marine x3  
  56  8:42  Marine  
  57  9:09  Planetary Fortress  
  57  9:16  Siege Tank x2  
  63  9:48  Siege Tank x2, Refinery  
  63  9:51  Refinery  
  69  10:34  Barracks Reactor  
  69  11:02  Terran Infantry Weapons Level 2  
  71  11:20  Marine x2  
  71  11:29  Starport  
  71  11:38  Marine x2  
  72  11:50  Missile Turret  
  69  11:56  Marine x2  
  71  12:02  Marine x2  
  73  12:13  Marine  
  73  12:14  Marine  
  75  12:20  Marine x2  
  77  12:31  Marine  
  77  12:32  Marine  
  77  12:33  Missile Turret  
  79  12:37  Marine  
  79  12:38  Marine  
  81  12:49  Marine x2  
  83  12:53  Missile Turret  
  83  12:55  Marine x2  
  85  13:00  Thor  
  91  13:09  Supply Depot  
  91  13:13  Missile Turret  
  91  13:24  Starport Reactor  
  91  13:31  Thor  
  91  13:33  Supply Depot  
  97  13:34  Missile Turret  
  97  13:48  Starport  
  97  13:54  Thor  
  103  13:57  Supply Depot  
  103  14:00  Missile Turret  
  103  14:07  Medivac  
  103  14:08  Medivac  
  107  14:18  Thor  
  107  14:20  Supply Depot  
  107  14:22  Missile Turret  
  113  14:37  Thor, Medivac x2  
  123  14:43  Missile Turret  
  123  14:44  Supply Depot  
  123  14:51  Starport Tech Lab  
  123  15:07  Medivac x2  
  123  15:09  Missile Turret  
  127  15:24  Marine x4  
  131  15:31  Missile Turret  
  131  15:37  Medivac x2  
  131  15:42  Marine x4  
  139  15:52  Missile Turret  
  139  15:59  Marine  
  140  16:13  Missile Turret  
  140  16:26  High Capacity Fuel Tanks  
  140  16:35  Marine  
  140  16:36  Marine x3  
  144  16:53  Marine x2  
  144  16:54  Marine x2  
  147  16:55  Terran Vehicle And Ship Armor Level 2  
  148  17:03  Terran Infantry Armor Level 1  
  148  17:11  Marine x3  
  148  17:12  Marine  
  152  17:29  Marine x4  
  156  18:04  Barracks Tech Lab  
  156  18:37  Combat Shields  
  147  20:16  Terran Vehicle And Ship Armor Level 3  
  147  20:21  Terran Infantry Weapons Level 3  
  147  20:27  Unknown  
  147  20:28  Viking  
  149  20:58  Viking  
  151  21:28  Viking  
  129  22:13  Unknown  
  82  22:46  Viking x2  
  86  23:13  Hellbat x2  
  86  23:16  Viking  
  92  23:34  Hellbat x2  
  72  23:56  Hellbat x2, Marine x2  
  72  23:57  Marine  
Show
View Real Time Build Order
Export as new Build Order

A.I. 1 (Medium) Zerg - Winner!

Build Orders: Pool First 

Get SALT Encoding   

  12  0:00  Drone  
  13  0:12  Overlord  
  13  0:17  Drone  
  14  0:30  Drone  
  14  0:33  Drone  
  16  0:43  Spawning Pool  
  16  0:45  Drone  
  16  0:50  Drone  
  16  0:53  Extractor  
  16  0:55  Drone  
  17  1:05  Overlord  
  17  1:31  Zergling x2, Queen  
  20  1:37  Roach Warren  
  20  1:38  Drone  
  20  1:44  Extractor  
  20  1:46  Zergling x2  
  20  1:49  Drone  
  21  2:00  Drone  
  22  2:10  Overlord  
  22  2:21  Roach  
  24  2:34  Overlord  
  24  2:38  Roach  
  26  2:53  Roach  
  28  2:59  Drone  
  28  3:03  Drone  
  30  3:08  Roach  
  30  3:12  Overlord  
  32  3:16  Drone  
  33  3:21  Drone  
  33  3:23  Roach  
  36  3:29  Drone  
  37  3:37  Baneling Nest  
  37  3:39  Drone  
  37  3:42  Roach, Drone  
  37  3:46  Evolution Chamber  
  37  3:47  Drone  
  40  3:57  Roach  
  42  4:12  Roach  
  44  6:23  Lair  
  44  6:24  Drone, Overlord, Baneling  
  45  6:27  Spore Crawler  
  45  6:28  Drone  
  45  6:30  Spore Crawler  
  45  6:32  Drone, Hatchery, Evolution Chamber  
  42  6:34  Zergling x2  
  42  6:35  Drone  
  42  6:38  Drone  
  42  6:43  Overlord  
  42  6:44  Zergling x2  
  43  6:54  Zergling x2, Baneling  
  43  6:55  Spine Crawler  
  43  6:56  Drone  
  43  6:58  Spine Crawler  
  43  6:59  Hatchery  
  42  7:04  Zergling x2  
  39  7:14  Baneling  
  39  7:17  Zergling x2  
  39  7:21  Queen  
  39  7:22  Overseer x2  
  42  7:26  Hydralisk Den  
  41  7:30  Infestation Pit, Drone  
  41  7:32  Spire  
  41  7:33  Drone  
  31  8:11  Drone, Queen  
  34  8:14  Drone  
  34  8:15  Spore Crawler  
  34  8:17  Spore Crawler, Drone  
  34  8:19  Drone  
  35  8:22  Spore Crawler, Drone  
  35  8:25  Drone  
  36  8:28  Drone  
  36  8:31  Drone  
  36  8:34  Drone  
  39  8:37  Drone  
  39  8:39  Drone  
  41  8:42  Drone  
  41  8:43  Mutalisk  
  41  8:45  Drone  
  46  8:48  Drone  
  46  8:51  Drone  
  46  8:53  Mutalisk  
  49  8:55  Overseer  
  49  8:56  Drone  
  49  8:59  Drone  
  49  9:02  Drone  
  52  9:03  Mutalisk  
  52  9:05  Drone  
  52  9:07  Overlord  
  55  9:12  Drone  
  56  9:17  Drone  
  56  9:19  Spine Crawler  
  56  9:23  Drone  
  56  9:24  Spine Crawler, Mutalisk  
  58  9:34  Mutalisk  
  60  9:44  Mutalisk  
  62  10:14  Extractor  
  61  10:17  Extractor  
  61  10:18  Drone  
  61  10:36  Drone  
  61  10:39  Drone  
  61  10:42  Drone  
  64  10:45  Drone  
  64  10:47  Drone  
  66  10:50  Drone  
  67  11:13  Hydralisk  
  67  11:14  Pneumatized Carapace  
  67  11:15  Metabolic Boost, Overlord x2, Overseer  
  67  11:16  Zerg Melee Weapons Level 1, Burrow, Zerg Ground Armor Level 1  
  69  11:32  Hydralisk  
  69  11:33  Overlord  
  71  11:45  Hydralisk  
  56  11:55  Hatchery  
  56  11:58  Hive, Hydralisk  
  57  12:12  Zergling x2  
  58  13:07  Drone, Queen  
  58  13:10  Zerg Missile Weapons Level 1, Drone  
  63  13:12  Drone  
  63  13:15  Drone  
  63  13:18  Drone  
  63  13:19  Extractor  
  64  13:21  Spore Crawler, Drone  
  64  13:24  Spore Crawler, Drone  
  64  13:25  Extractor  
  63  13:27  Drone, Ultralisk Cavern  
  63  13:28  Greater Spire  
  63  13:30  Drone  
  63  13:33  Drone  
  65  13:35  Drone  
  65  13:38  Drone  
  67  13:41  Drone  
  67  13:44  Drone  
  67  13:47  Drone  
  70  13:49  Spine Crawler  
  70  13:50  Spine Crawler, Drone  
  70  13:53  Drone  
  70  13:56  Drone  
  71  14:14  Ultralisk  
  77  14:27  Ultralisk  
  83  14:40  Ultralisk  
  83  14:41  Spire  
  83  14:42  Drone  
  89  15:19  Zerg Melee Weapons Level 2, Zerg Ground Armor Level 2, Ultralisk, Overlord  
  89  15:20  Zerg Flyer Weapons Level 1  
  101  15:28  Ultralisk  
  101  15:37  Ultralisk, Overlord  
  107  15:47  Zergling x2  
  107  15:53  Zerg Flyer Armor Level 1  
  93  15:57  Ultralisk  
  93  16:05  Hydralisk  
  95  16:15  Hydralisk  
  97  16:24  Hydralisk  
  99  16:33  Hydralisk  
  101  16:43  Ultralisk  
  107  16:53  Hatchery  
  106  17:14  Zerg Flyer Weapons Level 2  
  106  17:34  Zerg Missile Weapons Level 2  
  106  17:35  Zerg Melee Weapons Level 3  
  106  17:50  Zerg Flyer Armor Level 2  
  106  18:05  Queen  
  106  18:06  Drone  
  109  18:18  Extractor  
  109  18:19  Drone  
  109  18:20  Spore Crawler  
  109  18:22  Spore Crawler, Drone  
  109  18:24  Extractor  
  109  18:25  Drone  
  108  18:27  Drone  
  109  18:47  Spine Crawler  
  109  18:48  Spine Crawler, Drone  
  108  18:51  Drone  
  109  19:36  Zergling x2  
  65  19:46  Ultralisk  
  65  19:50  Zerg Ground Armor Level 3  
  71  19:56  Ultralisk  
  77  20:07  Ultralisk  
  83  20:12  Zerg Missile Weapons Level 3  
  83  20:16  Hydralisk  
  85  20:27  Ultralisk  
  91  20:37  Ultralisk  
  97  20:47  Ultralisk  
  103  20:56  Hydralisk  
  105  21:06  Hydralisk  
  107  21:16  Hydralisk  
  109  22:05  Zergling x2  
  109  22:07  Queen  
  103  22:15  Ultralisk  
  103  22:25  Ultralisk  
  109  23:19  Roach, Overlord  
  111  23:25  Roach  
  111  23:26  Overseer  
  113  23:30  Infestor  
  115  23:36  Infestor  
  115  23:38  Overlord  
  117  23:42  Roach  
  117  23:48  Roach  
  114  23:52  Hatchery  
  103  23:56  Overlord  
  103  23:57  Drone  
  103  24:02  Overseer  
  109  24:04  Overseer  
Tags
 
Matchup
TvZ
Opening
Pool First
Spawn Locations
Cross Positions
Add a new tag
Caveats
  • Supply blocks, unpowered buildings, or Contaminate may cause inaccurate times.
  • Supply counts are checked every 10 seconds.